 Dungeon Crawl Stone Soup version 0.17.2 (webtiles) character file.

58 Goblin1989 the Sneak (level 4, -4/23 HPs)
             Began as a Vine Stalker Assassin on May 27, 2016.
             Slain by Natasha (5 damage)
             ... on level 2 of the Dungeon.
             The game lasted 00:02:31 (1104 turns).

Goblin1989 the Sneak (Vine Stalker Assassin)        Turns: 1104, Time: 00:02:32

Health: -4/23      AC:  3    Str: 14    XL:     4   Next: 2%
Magic:  0/5        EV: 11    Int: 11    God:
Gold:   115        SH:  0    Dex: 16    Spells: 0 memorised, 3 levels left

rFire  . . .     SeeInvis .     a - +2 dagger
rCold  . . .     Clarity  .     c - +0 robe
rNeg   . . .     SustAt   .     (no shield)
rPois  .         Gourm    .     (no helmet)
rElec  .         Spirit   +     d - +0 cloak
rCorr  .         Warding  .     (no gloves)
rMut   .         Stasis   .     (no boots)
MR     .....                    (no amulet)
Stlth  +++.......               (no ring)
                                (no ring)

@: not resistant to hostile enchantments, fairly stealthy
A: fangs 2, regeneration 1, magic shield, antimagic bite, no device heal 3, rot
immunity
a: no special abilities


You were on level 2 of the Dungeon.
You were hungry.

You visited 1 branch of the dungeon, and saw 2 of its levels.

You collected 115 gold pieces.

Inventory:

Hand Weapons
 a - a +2 dagger (weapon)
 b - a +0 blowgun
Missiles
 e - 8 poisoned needles
 f - 2 curare-tipped needles
Armour
 c - a +0 robe (worn)
 d - a +0 cloak (worn)
Scrolls
 j - a scroll of teleportation {unknown}
 l - a scroll of remove curse {unknown}
 p - a scroll of random uselessness {unknown}
Potions
 h - a potion of curing
 i - a potion of degeneration {unknown}
 m - a potion of flight {unknown}
 n - a potion of heal wounds {unknown}
 o - a potion of haste {unknown}
Comestibles
 g - 2 bread rations
 k - 2 meat rations


   Skills:
 - Level 1.7 Fighting
 * Level 2.6 Short Blades
 - Level 1.7 Throwing
 - Level 0.7 Dodging
 + Level 6.1 Stealth


You had 3 spell levels left.
You didn't know any spells.

Dungeon Overview and Level Annotations

Branches:
Dungeon (2/15)

Altars:
Kikubaaqudgha

Annotations:
D:2 Natasha


Innate Abilities, Weirdness & Mutations

You have extremely sharp teeth.
Your natural rate of healing is unusually fast.
When hurt, damage is shared between your health and your magic reserves.
Your bite disrupts and absorbs the magic of your enemies.
Potions and wands cannot restore your health.
You are immune to rotting.


Message History

You are too injured to fight recklessly!
You are too injured to fight recklessly!
You are too injured to fight recklessly!
You are too injured to fight recklessly!
You are too injured to fight recklessly!
You are too injured to fight recklessly!
You are too injured to fight recklessly!
You are too injured to fight recklessly!
You are too injured to fight recklessly!
You are too injured to fight recklessly!
You hit Natasha but do no damage. You bite Natasha, but do no damage.
The shadow imp hits you.
* * * LOW HITPOINT WARNING * * *
The crimson imp barely misses you. Natasha claws you.
* * * LOW HITPOINT WARNING * * *
The kobold throws a stone.
The stone completely misses you.
You hit Natasha but do no damage. The shadow imp hits you.
* * * LOW HITPOINT WARNING * * *
The crimson imp barely misses you. Natasha claws you.
You die...

.###.####.##.##.# #...........#
.# #.......†....# #.#########.#
.###.####.##.##.## #.# #.# #...##
#....#...###.# #># .#.##
####......##.###### #.# ^..# ###
#..............# #.# ..####.##
#.......#.####.# #.#
........######'#####.####)####.#
#.##.#.#.##...§§@5##...........#
#.#.##....#.§≈K5§h#######†#######
#.##.###.##.≈.§(§.# #.......#
#.###.#.###..≈.§..# #######.#
...###.## #.≈[§§≈.# #######.#
....#### #.≈≈.≈≈.# #........
....# #....(..##### #.#####.#
....#### #########...###.#......
.......# #...............


You could see Natasha, a crimson imp, a shadow imp and a kobold.

Vanquished Creatures
  An adder (D:2)
  2 worms (D:2)
  2 giant cockroaches
  6 hobgoblins
  2 jackals (D:1)
  8 kobolds
  A ball python (D:1)
  7 bats
  5 giant newts
  5 goblins (D:1)
  3 rats (D:1)
42 creatures vanquished.

Notes
Turn   | Place    | Note
--------------------------------------------------------------
     0 | D:1      | Goblin1989 the Vine Stalker Assassin began the quest for the Orb.
     0 | D:1      | Reached XP level 1. HP: 11/11 MP: 2/2
    94 | D:1      | Reached skill level 5 in Stealth
   131 | D:1      | Reached XP level 2. HP: 15/15 MP: 3/3
   495 | D:1      | Reached XP level 3. HP: 15/18 MP: 2/4
   582 | D:2      | Found an ancient bone altar of Kikubaaqudgha.
   805 | D:2      | Reached skill level 6 in Stealth
   980 | D:2      | Reached XP level 4. HP: 20/23 MP: 3/5
  1097 | D:2      | Noticed Natasha
  1104 | D:2      | HP: 1/23 [shadow imp[Natasha] (2)]
  1104 | D:2      | Slain by Natasha

Action                   |  1- 3 |  4- 6 || total
-------------------------+-------+-------++-------
Melee: Dagger            |   124 |     6 ||   130
  Use: Potion            |     1 |       ||     1
 Stab: Sleeping          |     9 |     1 ||    10
